 Dungeon Crawl Stone Soup version 0.27-a0-13-g87abb2d9eb (webtiles) character file.

Game seed: 11482013630059710989

8914 sanka the Covert (level 11, -1/63 HPs)
             Began as a Vampire Enchanter on Jan 2, 2021.
             Was a Priest of Makhleb.
             Killed from afar by an electric eel (9 damage)
             ... with a bolt of electricity
             ... on level 11 of the Dungeon.
             The game lasted 00:32:09 (13213 turns).

sanka the Covert (Vampire Enchanter)               Turns: 13213, Time: 00:32:10

Health: -1/63      AC:  6    Str:  7    XL:     11   Next: 16%
Magic:  17/17      EV: 34    Int: 19    God:    Makhleb [***...]
Gold:   789        SH:  0    Dex: 17    Spells: 5/18 levels left

rFire    + + .     SeeInvis +   a - +4 dagger (freeze)
rCold    + + .     Faith    .   (no shield)
rNeg     + + +     Spirit   .   d - +0 steam dragon scales
rPois    ∞         Reflect  .   (no helmet)
rElec    .         Harm     .   (no cloak)
rCorr    .         Rampage  .   (no gloves)
Will     +....                  D - +0 pair of boots
Stlth    +++++++...             n - amulet of the acrobat
HPRegen  0.00/turn              L - ring of protection from fire
MPRegen  0.15/turn              r - ring of protection from fire

@: acrobat, bloodless
A: fangs 3, see invisible, unbreathing
a: Bat Form, Revivify, Renounce Religion, Minor Destruction, Lesser Servant of
Makhleb


You were on level 11 of the Dungeon.
You worshipped Makhleb.
Makhleb was most pleased with you.
You visited 2 branches of the dungeon, and saw 12 of its levels.
You also visited: Ossuary.

You collected 789 gold pieces.


Innate Abilities, Weirdness & Mutations

You do not regenerate when monsters are visible.
You are frail without blood (-20% HP).
You can heal yourself when you bite living creatures.
You are immune to poison.
You have razor-sharp teeth.
You have supernaturally acute eyesight. (SInv)
You can survive without breathing.


   Skills:
 - Level 5.1 Fighting
 - Level 8.1 Short Blades
 - Level 10.0 Dodging
 - Level 12.1 Stealth
 - Level 4.2 Spellcasting
 - Level 10.1 Hexes
 + Level 4.2 Invocations


You had 5 spell levels left.
You knew the following spells:

 Your Spells              Type           Power        Failure   Level
e - Apportation           Tloc           8%           14%         1
x - Tukima's Dance        Hex            42%          1%          3
y - Dazzling Flash        Conj/Hex       46%          4%          3
z - Ensorcelled Hibernat  Hex/Ice        46%          2%          2
X - Confusing Touch       Hex            42%          1%          3
Z - Corona                Hex            46%          1%          1

Your spell library contained the following spells:

 Spells                   Type           Power        Failure   Level
 Animate Skeleton         Necr           8%           14%         1
 Summon Small Mammal      Summ           16%          14%         1

Inventory:

Hand Weapons
 a - a +4 dagger of freezing (weapon)
 b - a +4 long sword
Missiles
 k - 35 poisoned darts
 A - 2 throwing nets {=f}
Armour
 d - +0 steam dragon scales (worn)
 o - a +2 robe of willpower
 s - a +0 buckler
 D - a +0 pair of boots (worn)
Jewellery
 n - an amulet of the acrobat (around neck)
 r - a ring of protection from fire (right hand)
 L - a ring of protection from fire (left hand)
Wands
 l - a wand of enslavement (11)
 v - a wand of iceblast (18)
 y - a wand of random effects (15)
 H - a wand of disintegration (30)
Scrolls
 e - 3 scrolls of enchant weapon
 g - 3 scrolls of enchant armour
 i - 7 scrolls of remove curse
 j - 5 scrolls of magic mapping
 m - 5 scrolls of teleportation {@r4}
 C - a scroll of amnesia
 G - 3 scrolls of blinking
 K - a scroll of fog
Potions
 c - a potion of degeneration {unknown}
 h - 3 potions of heal wounds {@q2}
 p - 4 potions of lignification {unknown}
 q - 4 potions of ambrosia
 u - 6 potions of curing {@q1}
 w - 4 potions of flight
 x - 3 potions of haste {@q3}
 z - 2 potions of brilliance {unknown}
 B - a potion of berserk rage {unknown}
 E - a potion of invisibility {unknown}
 F - 2 potions of might {unknown}
 I - 2 potions of attraction {!q}

Dungeon Overview and Level Annotations

Branches:
Dungeon (11/15)            Temple (1/1) D:5            Lair (0/6) D:8
    Orc (0/2) D:10        Ossuary (visited)

Altars:
Ashenzari
Cheibriados
Dithmenos
Elyvilon
Fedhas
Gozag
Hepliaklqana
Kikubaaqudgha
Makhleb
Nemelex Xobeh
Okawaru
Qazlal
Ru
Sif Muna
Trog
Uskayaw
Vehumet
Wu Jian
Xom
Yredelemnul
Zin
The Shining One

Shops:
D:10 ?

Annotations:
D:5 2 transporters, emiel's ghost, amateur TrDe

▒
▒≈≈▒░≈≈░░░≈≈░▒≈≈....▒▒
░▒≈≈▒░≈≈≈≈≈░▒≈≈▒▒▒▒▒▒▒
░▒;≈▒▒▒▒▒▒▒≈≈,░ ▒
░▒≈≈;≈;≈≈≈≈.,░ ▒
░░▒.▒░░░░░,,░ ▒
▒▒▒▒▒▒▒░ ▒.▒ ░,,░ ▒
.......░
▒.▒░░░░▒,,░░░░░░▒
▒▒▒▒▒▒.░
▒▒▒▒▒.▒▒....,,,,..zz.
....▒░,░
▒...V........,░,▒▒.▒▒
▒▒▒.▒░,░
▒.▒▒▒▒▒▒▒▒▒▒.,,,░▒,░▒ ▒
▒.▒░,░
▒▒.▒.......,░,,,,░░,,.
▒▒▒.▒▒.▒
▒▒..'.......,░,,,,░░░▒▒
...>...▒
▒)..▒.......,░,,░,░░░░░
▒▒▒.▒▒.▒
▒...▒.......,░,,░,,,,,,
▒ ▒.▒▒.▒
▒...▒.......,░,,░░░░░░░
▒▒▒.▒▒.▒
▒)▒.▒.......,░,'░░
▒▒..▒▒.▒
▒...▒.......,',,,░░


You could see an electric eel.


Message History

The bolt of electricity hits you!
Evoke which item? (* to show all) (? for menu, Esc to quit)
Aiming: Throw Flame
Aim: an electric eel (water, 52% to evade)
The puff of flame misses the electric eel.
The electric eel is engulfed in a cloud of scalding steam.
Evoke which item? (* to show all) (? for menu, Esc to quit)
Aiming: Throw Flame
Aim: an electric eel (steam, water, moderately wounded, 52% to evade)
The puff of flame hits the electric eel!
The electric eel is severely wounded.
The now-empty wand crumbles to dust.
The electric eel is engulfed in a cloud of scalding steam.
The electric eel shoots out a bolt of lightning at you!
The bolt of electricity hits you!
* * * LOW HITPOINT WARNING * * *
Unknown command.
Evoke which item? (* to show all) (? for menu, Esc to quit)
You don't have any such object.
Evoke which item? (* to show all) (? for menu, Esc to quit)
Evoke which item? (* to show all) (? for menu, Esc to quit)
Okay, then.
The electric eel shoots out a bolt of lightning at you!
The bolt of electricity hits you!
* * * LOW HITPOINT WARNING * * *
The electric eel shoots out a bolt of lightning at you!
The bolt of electricity hits you!
* * * LOW HITPOINT WARNING * * *
The bolt of electricity hits you!
You die...

Action                   |  1- 3 |  4- 6 |  7- 9 | 10-12 || total
-------------------------+-------+-------+-------+-------++-------
Melee: Dagger            |    84 |    45 |   293 |   161 ||   583
       Bite              |     1 |     4 |    20 |    14 ||    39
 Cast: Corona            |     5 |       |       |       ||     5
       Ensorcelled Hiber |    20 |    25 |   111 |    47 ||   203
       Confusing Touch   |       |       |    22 |    11 ||    33
 Abil: Exsanguinate      |     1 |       |       |       ||     1
Evoke: Wand              |       |       |       |     5 ||     5
  Use: Potion            |       |       |     1 |       ||     1
       Scroll            |       |       |     2 |    17 ||    19
 Stab: Sleeping          |    23 |    29 |   104 |    63 ||   219
       Distracted        |       |     1 |     3 |     1 ||     5
       Confused          |       |       |    24 |    10 ||    34
Armor: Robe              |    14 |     2 |    39 |     1 ||    56
       Steam dragon scal |       |       |       |    10 ||    10
Dodge: Dodged            |    50 |    19 |   209 |   126 ||   404

Levels and vault maps discovered:
D:1:      grunt_arrival_lava_bath, layout_basic, minmay_misc_feat_doors
D:2:      layout_basic, hangedman_abyss_or_decor_stabs
D:3:      layout_loops_cross, uniq_natasha, uniq_sigmund
D:4:      layout_rooms, gup_ossuary_entry_pyramid, makhleb_blood_cavern_becter,
          uniq_eustachio
D:5:      layout_cave_pools, minmay_temple_entry_mini_moons,
          gammafunk_ghost_hive, fedhas_altar_fruit_tree
D:6:      minmay_cornered_nines, layout_basic, uniq_blork_the_orc
D:7:      layout_loops_ring, xom_confusion_cloud
D:8:      layout_layer_cave, dpeg_oklobed_lair
D:9:      layout_loops_ring, okawaru_altar_gauntlet_db
D:10:     layout_long_grid, serial_shops, shop_scrolls, nzn_life_drinkers
D:11:     layout_loops_corners, basic_altar, nicolae_two_hexagons, minivault_25,
          minmay_hedge_maze, water_maze_lemuel
Temple:   minmay_crystal_snake_temple

Notes
Turn   | Place    | Note
-------+----------+-------------------------------------------
     0 | D:1      | sanka the Vampire Enchanter began the quest for the Orb.
     0 | D:1      | Reached XP level 1. HP: 13/13 MP: 3/3
    73 | D:1      | Reached skill level 5 in Stealth
   132 | D:1      | Reached XP level 2. HP: 16/19 MP: 3/5
   154 | D:1      | Learned a level 2 spell: Ensorcelled Hibernation
   323 | D:1      | Reached skill level 6 in Stealth
   638 | D:1      | Reached XP level 3. HP: 24/24 MP: 6/6
  1146 | D:2      | Learned a level 3 spell: Confusing Touch
  1167 | D:2      | Reached skill level 7 in Stealth
  1533 | D:2      | Reached XP level 4. HP: 24/24 MP: 7/7
  1638 | D:3      | Noticed Natasha
  1649 | D:3      | Killed Natasha
  1650 | D:3      | Reached skill level 8 in Stealth
  1658 | D:3      | Noticed Natasha
  1763 | D:3      | Killed Natasha
  1764 | D:3      | Reached skill level 2 in Short Blades
  1834 | D:3      | Noticed Natasha
  1847 | D:3      | Killed Natasha
  1848 | D:3      | Reached skill level 3 in Short Blades
  1848 | D:3      | Reached XP level 5. HP: 25/28 MP: 3/8
  2144 | D:3      | Reached skill level 4 in Short Blades
  2537 | D:3      | Noticed Sigmund
  2539 | D:3      | Killed Sigmund
  2540 | D:3      | Reached skill level 5 in Short Blades
  2540 | D:3      | Reached skill level 5 in Hexes
  2540 | D:3      | Reached XP level 6. HP: 32/32 MP: 9/9
  2544 | D:3      | Learned a level 3 spell: Tukima's Dance
  2774 | D:4      | Reached skill level 6 in Hexes
  2824 | D:4      | Noticed Eustachio
  2891 | D:4      | Killed Eustachio
  2892 | D:4      | Reached XP level 7. HP: 36/36 MP: 7/11
  2913 | D:4      | Found a burning altar of Makhleb.
  2917 | D:4      | Reached skill level 3 in Spellcasting
  2917 | D:4      | Reached skill level 7 in Hexes
  2952 | D:4      | Found a sand-covered staircase.
  2970 | Ossuary  | Entered an ossuary
  3363 | Ossuary  | Learned a level 3 spell: Dazzling Flash
  3561 | D:5      | Entered Level 5 of the Dungeon
  3577 | D:5      | Found a blossoming altar of Fedhas.
  3690 | D:5      | Reached skill level 8 in Hexes
  3978 | D:4      | Reached skill level 4 in Spellcasting
  4064 | D:4      | Reached skill level 9 in Hexes
  4092 | D:4      | Reached XP level 8. HP: 31/41 MP: 5/14
  4111 | D:4      | HP: 2/41 [orc wizard/+0 trident (7)]
  4845 | D:4      | Reached skill level 10 in Hexes
  5136 | D:5      | Found a staircase to the Ecumenical Temple.
  5161 | Temple   | Entered the Ecumenical Temple
  5363 | Temple   | Became a worshipper of Makhleb the Destroyer
  5404 | D:5      | Reached skill level 1 in Fighting
  5486 | D:5      | Reached skill level 3 in Dodging
  5554 | D:5      | Found a transporter.
  5561 | D:5      | Found a transporter.
  5698 | D:5      | Noticed emiel's ghost (amateur TrDe)
  5859 | D:6      | Reached skill level 2 in Fighting
  5862 | D:6      | Reached skill level 4 in Dodging
  5870 | D:6      | Reached skill level 3 in Fighting
  6166 | D:6      | Reached * piety under Makhleb
  6167 | D:6      | Reached skill level 5 in Dodging
  6550 | D:6      | Noticed Blork the orc
  6555 | D:6      | Killed Blork the orc
  6841 | D:6      | Reached skill level 4 in Fighting
  6841 | D:6      | Reached XP level 9. HP: 52/52 MP: 12/15
  7594 | D:7      | Reached skill level 6 in Dodging
  7956 | D:7      | Reached skill level 5 in Fighting
  8039 | D:7      | Reached skill level 7 in Dodging
  8109 | D:7      | Reached ** piety under Makhleb
  8239 | D:7      | Found a shimmering altar of Xom.
  8418 | D:7      | Got a slimy leather armour
  8429 | D:7      | Identified the cursed +0 leather armour "Virrull" {Str+7}
                  | (You found it on level 7 of the Dungeon)
  9149 | D:8      | Found a staircase to the Lair.
  9162 | D:7      | Reached skill level 8 in Dodging
 10122 | D:9      | Noticed a two-headed ogre
 10130 | D:9      | Killed a two-headed ogre
 10131 | D:9      | Reached skill level 10 in Dodging
 10158 | D:9      | Reached XP level 10. HP: 59/59 MP: 7/16
 10447 | D:9      | Reached skill level 9 in Stealth
 10632 | D:9      | Reached skill level 6 in Short Blades
 10825 | D:9      | Reached skill level 10 in Stealth
 10869 | D:9      | Found an iron altar of Okawaru.
 11092 | D:10     | Entered Level 10 of the Dungeon
 11092 | D:10     | Noticed a gargoyle
 11093 | D:10     | Killed a gargoyle
 11154 | D:10     | Reached *** piety under Makhleb
 11262 | D:10     | Reached skill level 7 in Short Blades
 11354 | D:10     | Reached skill level 11 in Stealth
 11409 | D:10     | Noticed a gargoyle
 11417 | D:10     | Identified +0 steam dragon scales
 11427 | D:10     | Killed a gargoyle
 11428 | D:10     | Reached skill level 8 in Short Blades
 11576 | D:10     | Found a burning altar of Makhleb.
 11579 | D:10     | Found a glowing golden altar of the Shining One.
 11755 | D:10     | Reached skill level 12 in Stealth
 11845 | D:10     | Found a staircase to the Orcish Mines.
 11985 | D:10     | Found Mengufit's Magic Scroll Emporium.
 12407 | D:11     | Reached skill level 1 in Invocations
 12460 | D:11     | Noticed a two-headed ogre
 12469 | D:11     | Killed a two-headed ogre
 12470 | D:11     | Reached skill level 3 in Invocations
 12470 | D:11     | Reached XP level 11. HP: 63/63 MP: 17/17
 12509 | D:11     | Learned a level 1 spell: Apportation
 12527 | D:11     | Found an ornate altar of the Wu Jian Council.
 13095 | D:11     | Reached skill level 4 in Invocations
 13213 | D:11     | Killed from afar by an electric eel

Vanquished Creatures
  2 two-headed ogres
  2 gargoyles (D:10)
  3 trolls (D:9)
  Sigmund (D:3)
  A vampire (D:10)
  Eustachio (D:4)
  4 yaks
  2 steam dragons
  2 water moccasins
  3 sky beasts
  An orc warrior (D:9)
  An eye of draining (D:11)
  2 black bears
  A phantom (D:8)
  2 ice beasts
  6 ogres
  6 centaurs
  Blork the orc (D:6)
  A big kobold (D:10)
  6 bullfrogs
  A gnoll sergeant (D:8)
  2 scorpions
  A water moccasin skeleton (D:4)
  9 wights
  A howler monkey (D:9)
  2 electric eels (D:11)
  A bullfrog zombie (D:8)
  4 hounds
  4 jellies
  A quasit (D:11)
  3 bullfrog skeletons
  2 centaur skeletons
  A human zombie (Ossuary)
  5 orc priests
  A centaur zombie (D:11)
  14 orc wizards
  2 iguanas
  Natasha (thrice) (D:3)
  5 worker ants
  3 hound zombies
  5 mummies
  A howler monkey zombie (D:5)
  3 worker ant zombies
  15 gnolls
  14 adders
  2 shadow imps
  3 white imps
  2 ufetubi
  2 oozes
  An adder skeleton (D:6)
  3 worms
  5 dart slugs
  3 leopard geckos
  39 orcs
  7 giant cockroaches
  9 goblins
  7 hobgoblins
  4 jackals (D:8)
  15 kobolds
  4 quokkas
  8 bats
  4 frilled lizards
  2 gnoll zombies (Ossuary)
  2 goblin zombies (Ossuary)
  A hobgoblin zombie (Ossuary)
  2 jackal zombies
  An orc zombie (Ossuary)
  A quokka skeleton (D:7)
  8 rats
  3 rat zombies (Ossuary)
289 creatures vanquished.

Vanquished Creatures (others)
  A wyvern (D:7)
  An orc warrior (D:7)
  A centaur (D:7)
  A bullfrog (D:7)
  A jelly (D:7)
  An iguana (D:7)
  An adder (D:7)
  An adder skeleton (D:7)
  A leopard gecko (D:7)
  An orc (D:7)
  A quokka skeleton (D:7)
  A bush (D:11)
  3 fungi (D:8)
  2 plants (D:8)
17 creatures vanquished.

Grand Total: 306 creatures vanquished
